 Dungeon Crawl Stone Soup version 0.31-a0-354-g827e0957a7 (webtiles) character file.

Game seed: 13078090787703051702

189 Locuples the Covert (level 5, -1/26 HPs)
             Began as a Spriggan Brigand on July 24, 2023.
             Succumbed to an adder's poison
             ... in a sewer.
             The game lasted 00:05:18 (1720 turns).

Locuples the Covert (Spriggan Brigand)              Turns: 1720, Time: 00:05:19

Health: -1/26      AC:  3    Str:  7    XL:     5   Next: 40%
Magic:  6/6        EV: 17    Int: 12    God:
Gold:   121        SH:  0    Dex: 19    Spells: 4/4 levels left

rFire   . . .        a - +2 dagger
rCold   . . .        (no shield)
rNeg    . . .        b - +0 robe
rPois   .            (helmet restricted)
rElec   .            c - +0 cloak
rCorr   .            (gloves unavailable)
SInv    +            (boots unavailable)
Will    .....        (no amulet)
Stlth   ++++         (no ring)
HPRegen 0.24/turn    (no ring)
MPRegen 0.10/turn

%: no passive effects
@: lethally poisoned (-1 -> -11), very quick
A: very small, no large weapons, unfitting armour, see invisible, speed 3
a: no special abilities


You were in a sewer.
You visited 1 branch of the dungeon, and saw 3 of its levels.
You also visited: Sewer.

You collected 121 gold pieces.

Inventory:

Hand Weapons
 a - a +2 dagger (weapon)
Missiles
 d - 12 poisoned darts (quivered)
 e - 3 curare-tipped darts
Armour
 b - a +0 robe (worn)
 c - a +0 cloak (worn)
Jewellery
 f - a ring of protection from cold
Scrolls
 g - 3 scrolls of identify {unknown}
 j - a scroll of enchant armour {unknown}
 k - a scroll of blinking {unknown}
 p - 2 scrolls of teleportation
Potions
 h - 2 potions of heal wounds {unknown}
 i - 2 potions of degeneration {unknown}
 l - a potion of curing {unknown}
 m - a potion of resistance {unknown}
 n - a potion of haste {unknown}
 o - 4 potions of enlightenment


   Skills:
 + Level 1.9 Fighting
 + Level 3.0 Short Blades
 + Level 2.1 Throwing
 + Level 2.2 Dodging
 * Level 9.2 Stealth


You had 4 spell levels left.
You didn't know any spells.
Your spell library contained the following spells:

 Spells                   Type           Power      Damage    Failure   Level
 Slow                     Hex            0%         N/A       32%         1
 Confusing Touch          Hex            0%         N/A       69%         3
 Gell's Gravitas          Tloc           0%         N/A       69%         3
 Teleport Other           Tloc           0%         N/A       69%         3
 Vampiric Draining        Necr           0%         2d6       69%         3
 Dispersal                Tloc           0%         N/A       100%        6


Dungeon Overview and Level Annotations

Branches:
Dungeon (3/15)              Sewer (1/1)

Altars:


Innate Abilities, Weirdness & Mutations

You are very small and have problems with some larger weapons.
You are too small for most types of armour.
You have supernaturally acute eyesight. (SInv)
You cover ground extremely quickly. (Speed+++)


Message History

The adder closely misses you.
You hit the adder but do no damage.
The adder is almost dead.
The adder barely misses you.
You closely miss the adder.
The adder is almost dead.
The adder barely misses you. The adder bites you.
You are poisoned.
The adder poisons you!
You hit the adder.
You kill the adder!
You feel sick.
You hit the adder.
The adder is lightly wounded.
You feel sick. The adder barely misses you.
The adder bites you but does no damage.
You closely miss the adder.
The adder is lightly wounded.
You feel sick. The adder misses you.
You barely miss the adder.
The adder is lightly wounded.
You feel sick. The adder misses you.
You barely miss the adder.
The adder is lightly wounded.
You feel sick. The adder bites you.
* * * LOW HITPOINT WARNING * * *
You are more poisoned.
The adder poisons you!
You hit the adder.
The adder is heavily wounded.
You feel sick. The adder misses you.
You miss the adder.
The adder is heavily wounded.
You feel sick. The adder bites you.
* * * LOW HITPOINT WARNING * * *
You are more poisoned.
The adder poisons you!
You closely miss the adder.
The adder is heavily wounded.
You die...

≈≈≈≈ ≈≈≈≈ ####### ≈≈≈≈≈
##rSS@.## ≈≈≈≈~ #SS###..#
≈≈≈~~~ ##.## #~†######
≈≈~~~~###..# #≈~.....### ##
~~~~~~~~#S†#########~...## ##~
~~~~~~~S~Sr~≈≈≈≈≈≈≈#~~...####~~
~~~~~~m~#..########≈≈≈~~..#≈~~#
≈≈~~~~###..# ####≈~~##≈#.#
≈≈≈~~. #..# ##≈~~# #.#


You could see an adder, a quokka and 3 ball pythons.

Vanquished Creatures
  A sickly merfolk siren (Sewer)
  5 adders
  3 river rats
  A worm (D:3)
  2 dart slugs
  3 bats (D:1)
  6 endoplasms
  4 giant cockroaches
  5 goblins
  2 hobgoblins
  7 jackals (D:1)
  7 quokkas
  8 ball pythons
  12 frilled lizards
  4 kobolds
  27 rats
97 creatures vanquished.

Notes
Turn   | Place    | Note
-------+----------+-------------------------------------------
     0 | D:1      | Locuples the Spriggan Brigand began the quest for the Orb.
     0 | D:1      | Reached XP level 1. HP: 10/10 MP: 2/2
    17 | D:1      | Reached skill level 6 in Stealth
    82 | D:1      | Reached XP level 2. HP: 14/14 MP: 3/3
   262 | D:1      | Reached skill level 7 in Stealth
   521 | D:2      | Reached XP level 3. HP: 18/18 MP: 4/4
   952 | D:2      | Reached skill level 8 in Stealth
   956 | D:2      | Reached XP level 4. HP: 14/23 MP: 5/5
  1404 | D:3      | Found a glowing drain.
  1417 | Sewer    | Entered a sewer
  1513 | Sewer    | Reached XP level 5. HP: 26/26 MP: 6/6
  1641 | Sewer    | Reached skill level 9 in Stealth
  1719 | Sewer    | HP: 1/26 [adder (4)]
  1720 | Sewer    | Succumbed to an adder's poison

Illustrated notes

Levels and vault maps discovered:
D:1:      scummos_arrival_simple_fountains, layout_rooms, minmay_ruptured
D:2:      minmay_chambers_of_twos, layout_basic
D:3:      layout_loops_corners, fedhas_altar_4, portal_sewer_entry_b,
          minmay_lizard_king
Sewer:    sewer_sea

Skill      XL: |  1  2  3  4  5 |
---------------+----------------+-----
Stealth        | 6 7 8 9 |  9.2
Dodging        | 2 |  2.2
Short Blades   | 3 |  3.0
Fighting       | |  1.9
Throwing       | |  2.1

Action                     |  1- 3 |  4- 6 || total
---------------------------+-------+-------++-------
  Melee: Dagger            |   107 |   206 ||   313
         Punch             |       |     1 ||     1
  Throw: Dart              |       |     1 ||     1
   Stab: Sleeping          |    14 |     9 ||    23
 Armour: Robe              |    17 |    29 ||    46
  Dodge: Dodged            |    87 |   147 ||   234

Table legend: (Time is in decaauts)
 A = Elapsed time spent in this place.
 B = Non-inter-level travel time spent in this place.
 C = Inter-level travel time spent in this place.
 D = Time resting spent in this place.
 E = Time spent auto-exploring this place.
 F = Levels seen in this place.
 G = Mean time per level.
                   A        B        C        D        E       F      G
               +--------+--------+--------+--------+--------+-----+--------+
         Total |   1267 |   1228 |     39 |     92 |    524 |   4 |  316.8 |
       Dungeon |   1008 |    969 |     39 |     92 |    483 |   3 |  336.0 |
         Sewer |    259 |    259 |      0 |      0 |     40 |   1 |  259.0 |
               +--------+--------+--------+--------+--------+-----+--------+

Top non-repeatable levels by time:
     D:2: 410 daAuts
     D:1: 366 daAuts
   Sewer: 259 daAuts
     D:3: 230 daAuts
